 Dungeon Crawl Stone Soup version 0.28-a0-1415-g7c84da036a (webtiles) character file.

Game seed: 14371587055909424490

30 southernslant the Vandal (level 3, -1/30 HPs)
             Began as a Minotaur Hunter on Jan 7, 2022.
             Slain by Sigmund (6 damage)
             ... on level 2 of the Dungeon.
             The game lasted 00:04:10 (1604 turns).

southernslant the Vandal (Minotaur Hunter)          Turns: 1604, Time: 00:04:11

Health: -1/30      AC:  3    Str: 16    XL:     3   Next: 3%
Magic:  2/2        EV: 12    Int:  8    God:
Gold:   76         SH:  0    Dex: 12    Spells: 2/2 levels left

rFire   . . .      SeeInvis .   a - +1 hunting sling
rCold   . . .      Faith    .   (no shield)
rNeg    . . .      Spirit   .   c - +0 leather armour
rPois   .          Reflect  .   (helmet restricted)
rElec   .          Harm     .   (no cloak)
rCorr   .          Rampage  .   (no gloves)
Will    .....                   (no boots)
Stlth   +.........              o - amulet of magic regeneration
HPRegen 0.10/turn               (no ring)
MPRegen 0.48/turn               (no ring)

@: confused
A: horns 2, retaliatory headbutt
a: no special abilities


You were on level 2 of the Dungeon.
You visited 1 branch of the dungeon, and saw 2 of its levels.

You collected 76 gold pieces.

Inventory:

Hand Weapons
 a - a +1 hunting sling (weapon)
 l - a +0 dagger of venom
 p - a +0 rapier
Missiles
 d - 12 sling bullets (quivered ammo)
 e - 63 stones
Armour
 c - a +0 leather armour (worn)
Jewellery
 o - an amulet of magic regeneration (around neck)
Scrolls
 b - a scroll of fear {unknown}
 j - a scroll of blinking {unknown}
 k - 2 scrolls of identify {unknown}
Potions
 f - a potion of lignification {unknown}
 g - a potion of curing {unknown}
 h - a potion of flight {unknown}
 i - a potion of magic {unknown}
 m - a potion of haste {unknown}
 n - a potion of mutation {unknown}


   Skills:
 * Level 2.9 Fighting
 * Level 4.6(4.7) Slings
 + Level 0.7(2.7) Throwing
 * Level 1.3 Armour
 + Level 2.3 Dodging
 + Level 1.1 Stealth


You had 2 spell levels left.
You didn't know any spells.
Your spell library was empty.

Dungeon Overview and Level Annotations

Branches:
Dungeon (2/15)

Altars:

Annotations:
D:2 Sigmund


Innate Abilities, Weirdness & Mutations

You have a pair of horns on your head.
You reflexively headbutt those who attack you in melee.


Message History

Sigmund barely misses you.
You bump into the metal wall.
Sigmund hits you but does no damage.
You bump into the stone wall.
Sigmund gestures wildly while chanting.
Sigmund flickers and vanishes!
Deactivating autopickup; reactivate with Ctrl-A.
You bump into the metal wall.
A puff of flame appears from out of thin air!
The puff of flame hits you!
You bump into the stone wall.
You feel less confused.
Fire: 17 sling bullets
Press: ? - help, Q - select action, (/) - cycle Shift-Dir - straight line, f - you
Okay, then.
Fire: 17 sling bullets
Press: ? - help, Q - select action, (/) - cycle Shift-Dir - straight line, f - you
Okay, then.
You are too injured to fight recklessly!
Fire: 17 sling bullets
Press: ? - help, Q - select action, (/) - cycle Shift-Dir - straight line You shoot a sling bullet.
Something completely misses you.
Fire: 16 sling bullets
Press: ? - help, Q - select action, (/) - cycle Shift-Dir - straight line You shoot a sling bullet.
You hear some strange, mumbled words.
You are confused.
Non-targeted confused fire: 15 sling bullets
Press: ? - help, Q - select action, (/) - cycle Dir - look around, f - activate You shoot a sling bullet.
Non-targeted confused fire: 14 sling bullets
Press: ? - help, Q - select action, (/) - cycle Dir - look around, f - activate You shoot a sling bullet.
Something hits you!
* * * LOW HITPOINT WARNING * * *
Non-targeted confused fire: 13 sling bullets
Press: ? - help, Q - select action, (/) - cycle Dir - look around, f - activate You shoot a sling bullet.
Something hits you.
You die...

###.##.### #......#.#
#.####.#.###### ###.#
#...#.....
#...######.#.####
#)#.....<....#...
#.########...#.#.
###.#....#.....#.#.
###.@.###.....#....#.
###.{.#..#...###...###.
#####..(####(#####.#.###
#. ###...(.### #..#
#....# #. ###.รท.##.##
##.###....# #.
###...#..#(. #..##....#
## #...####.##.#
##.###...# ..###..#..#.(
#...###### .##.
..##.##.# #.(.#.#


There were no monsters in sight!

Vanquished Creatures
  2 ball pythons (D:1)
  4 endoplasms
  3 goblins
  4 hobgoblins
  A jackal (D:1)
  4 bats
  2 frilled lizards (D:2)
  A kobold (D:2)
  7 rats
28 creatures vanquished.

Notes
Turn   | Place    | Note
-------+----------+-------------------------------------------
     0 | D:1      | southernslant the Minotaur Hunter began the quest for the
                  | Orb.
     0 | D:1      | Reached XP level 1. HP: 18/18 MP: 0/0
   525 | D:1      | Reached XP level 2. HP: 25/25 MP: 1/1
   996 | D:1      | Reached skill level 1 in Armour
   996 | D:1      | Reached skill level 1 in Stealth
  1493 | D:2      | Reached XP level 3. HP: 30/30 MP: 2/2
  1532 | D:2      | Found a faded altar of an unknown god.
  1579 | D:2      | Noticed Sigmund
  1604 | D:2      | Slain by Sigmund

Illustrated notes

Levels and vault maps discovered:
D:1:      dpeg_arrival_circle_labyrinth_c, layout_basic, st_stairs_6,
          minmay_quantized
D:2:      minmay_skewed_foursquare, layout_basic, basic_ecumenical_altar,
          grunt_ministairs_1, minmay_distorted, uniq_sigmund

Skill      XL: |  1  2 |
---------------+-------+-----
Armour         | 1 |  1.3
Stealth        | 1 |  1.1
Fighting       | |  2.9
Slings         | |  4.6
Throwing       | |  0.7
Dodging        | |  2.3

Action                   || total
-------------------------++-------
 Fire: Hunting sling     ||    77
Armor: Leather armour    ||     5
Dodge: Dodged            ||     8

Table legend: (Time is in decaauts)
 A = Elapsed time spent in this place.
 B = Non-inter-level travel time spent in this place.
 C = Inter-level travel time spent in this place.
 D = Time resting spent in this place.
 E = Time spent auto-exploring this place.
 F = Levels seen in this place.
 G = Mean time per level.
                   A        B        C        D        E       F      G
               +--------+--------+--------+--------+--------+-----+--------+
         Total |   1601 |   1525 |     76 |      0 |   1352 |   2 |  800.5 |
       Dungeon |   1601 |   1525 |     76 |      0 |   1352 |   2 |  800.5 |
               +--------+--------+--------+--------+--------+-----+--------+

Top non-repeatable levels by time:
     D:1: 1231 daAuts
     D:2: 370 daAuts
